 Dungeon Crawl Stone Soup version 0.25-a0-890-g62861fb (webtiles) character file.

Game seed: 17006316792218290914, levelgen mode: deterministic

1369 BlueFish the Ruffian (level 8, 0/54 HPs)
             Began as an Octopode Warper on May 10, 2020.
             Slain by an orc
             ... wielding a +0 mace
              (8 damage)
             ... on level 5 of the Dungeon.
             The game lasted 00:15:48 (6425 turns).

BlueFish the Ruffian (Octopode Warper)              Turns: 6425, Time: 00:15:48

Health: 0/54       AC:  1    Str: 13    XL:     8   Next: 65%
Magic:  11/13      EV: 14    Int: 15    God:
Gold:   160        SH:  0    Dex: 11    Spells: 3/13 levels left

rFire    . . .     SeeInvis .     - Unarmed
rCold    . . .     Gourm    .   (no shield)
rNeg     . . .     Faith    .   (helmet restricted)
rPois    .         Spirit   .   (no amulet)
rElec    .         Reflect  .   (no ring)
rCorr    .         Harm     .   (no ring)
MR       .....                  (no ring)
Stlth    ++++......             (no ring)
HPRegen  0.18/turn              (no ring)
MPRegen  0.13/turn              (no ring)
                                (no ring)
                                (no ring)

@: no status effects
A: almost no armour, stealthy swim, amphibious, 8 rings, constrict 8, camouflage
1, gelatinous body 1
a: no special abilities


You were on level 5 of the Dungeon.
You were not hungry.

You visited 1 branch of the dungeon, and saw 5 of its levels.

You collected 160 gold pieces.

Inventory:

Missiles
 c - 5 boomerangs of dispersal
 f - 51 arrows
 h - 4 atropa-tipped darts
 j - 56 stones
 m - 10 poisoned darts (quivered)
Scrolls
 b - 2 scrolls of blinking
 k - a scroll of noise
 q - a scroll of teleportation
Potions
 a - a potion of cancellation
 e - 4 potions of curing
 g - 2 potions of might
 i - a potion of stabbing
 l - a potion of lignification
 n - a potion of brilliance
 o - 2 potions of mutation
 p - 3 potions of ambrosia
Comestibles
 d - 8 rations
 r - 10 chunks of flesh


   Skills:
 * Level 3.8 Fighting
 * Level 3.7 Throwing
 * Level 4.4 Dodging
 * Level 4.8 Stealth
 * Level 5.2 Unarmed Combat
 + Level 3.3 Spellcasting
 + Level 2.2 Charms
 * Level 4.6 Translocations


You had 3 spell levels left.
You knew the following spells:

 Your Spells              Type           Power        Failure   Level  Hunger
a - Shroud of Golubria    Chrm/Tloc      ##....       7%          2    ##.....
b - Blink                 Tloc           N/A          4%          2    ##.....
c - Teleport Other        Tloc           ###.....     9%          3    ###....
d - Lesser Beckoning      Tloc           ###.......   9%          3    ###....

Your spell library contained the following spells:

 Spells                   Type           Power        Failure   Level  Hunger
 Gell's Gravitas          Tloc           ###.......   9%          3    ###....
 Passage of Golubria      Tloc           N/A          28%         4    ####...


Dungeon Overview and Level Annotations

Branches:
Dungeon (5/15)
 Temple: D:4-7

Altars:
Dithmenos
Gozag
Hepliaklqana
Nemelex Xobeh
Zin


Innate Abilities, Weirdness & Mutations

You cannot wear most types of armour.
You are very stealthy in the water. (Stealth+)
You are amphibious.
You can wear up to eight rings at the same time.
You can use your tentacles to constrict eight enemies at once.
Your skin changes colour to match your surroundings (Stealth+).
Your rubbery body absorbs attacks. (AC +1, EV +1)


Message History

The quokka closely misses you. The orc closely misses you.
The quokka bites you.
You closely miss the quokka. You grab the quokka. You squeeze the quokka.
You kill the quokka!
You constrict the orc.
You kill the orc!
The orc hits you with a +0 mace.
You tentacle-slap the orc but do no damage.
Your grab misses the orc.
Your tentacle-slap misses the orc.
You tentacle-slap the orc. Your grab misses the orc.
The orc is heavily wounded.
The orc hits you with a +0 mace! The orc wizard casts a spell at you.
The puff of frost hits you!
* * * LOW HITPOINT WARNING * * *
The orc wizard casts a spell at you. The magic dart hits you.
* * * LOW HITPOINT WARNING * * *
The orc hits you with a +0 mace!
You die...

##........
##########
##.....[#
.........#
.........# .
.........# #.>
.......$.##....
..........(o..#
...>...o.(..#
.......@)#
........)#
.........#
........)#
##########


You could see an orc wizard and an orc.

Vanquished Creatures
  Pikel (D:4)
  4 slaves (D:4)
  An ogre (D:4)
  A bullfrog (D:4)
  3 scorpions (D:4)
  A howler monkey (D:4)
  A quasit (D:4)
  6 hounds
  2 orc priests (D:4)
  3 worker ants (D:4)
  An iguana (D:4)
  A hound skeleton (D:5)
  3 gnolls
  4 adders
  An ooze (D:2)
  5 worms
  3 dart slugs
  3 leopard geckos
  9 orcs
  2 ball pythons
  16 bats
  3 giant cockroaches
  6 goblins
  6 hobgoblins
  7 jackals (D:2)
  3 quokkas
  14 frilled lizards
  11 kobolds
  6 rats
127 creatures vanquished.

Vanquished Creatures (others)
  A fungus (D:4)
1 creature vanquished.

Grand Total: 128 creatures vanquished

Notes
Turn   | Place    | Note
-------+----------+-------------------------------------------
     0 | D:1      | BlueFish the Octopode Warper began the quest for the Orb.
     0 | D:1      | Reached XP level 1. HP: 14/14 MP: 3/3
   245 | D:1      | Reached XP level 2. HP: 19/19 MP: 5/5
   253 | D:1      | Learned a level 2 spell: Shroud of Golubria
   256 | D:1      | Learned a level 2 spell: Blink
   439 | D:1      | Reached skill level 1 in Stealth
   533 | D:1      | Reached XP level 3. HP: 20/24 MP: 1/6
   994 | D:2      | Reached XP level 4. HP: 29/29 MP: 4/7
  1195 | D:2      | Found a glowing silver altar of Zin.
  1802 | D:2      | Found a hazy altar of Hepliaklqana.
  1873 | D:3      | Reached skill level 1 in Charms
  2029 | D:3      | Found a shadowy altar of Dithmenos.
  2745 | D:4      | Reached skill level 3 in Unarmed Combat
  2803 | D:4      | Reached XP level 5. HP: 13/35 MP: 8/8
  2808 | D:4      | Learned a level 3 spell: Teleport Other
  3203 | D:4      | Reached XP level 6. HP: 41/41 MP: 6/9
  3383 | D:4      | Got a crude dagger
  3735 | D:4      | Reached XP level 7. HP: 19/46 MP: 7/10
  3743 | D:4      | Learned a level 3 spell: Lesser Beckoning
  3888 | D:4      | Reached skill level 4 in Unarmed Combat
  4609 | D:4      | Noticed Pikel
  5213 | D:4      | Killed Pikel
  5213 | D:4      | Reached XP level 8. HP: 20/54 MP: 7/12
  5482 | D:4      | Found a sparkling altar of Nemelex Xobeh.
  5483 | D:4      | Found an opulent altar of Gozag.
  5503 | D:5      | Entered Level 5 of the Dungeon
  5503 | D:5      | Found an opulent altar of Gozag.
  5929 | D:5      | Reached skill level 5 in Unarmed Combat
  6425 | D:5      | Slain by an orc

Levels and vault maps discovered:
D:1:      minmay_arrival_floating_metal, layout_rooms, minmay_lizard_pond
D:2:      layout_loops_ring, marbit_many_paths, zin_academy,
          minmay_misc_feat_roman
D:3:      layout_basic, lemuel_doored_altar
D:4:      old_forge, layout_loops_corners, grunt_temple_overflow_opulence,
          first_ration, minmay_checkerbox, uniq_pikel
D:5:      layout_rooms, ebering_ghost_rock_garden, basic_altar

Skill      XL: |  1  2  3  4  5  6  7  8 |
---------------+-------------------------+-----
Stealth        | 1 2 3 4 |  4.8
Charms         | 1 2 |  2.2
Unarmed Combat | 3 4 5 |  5.2
Throwing       | 2 3 |  3.7
Dodging        | 3 4 |  4.4
Fighting       | 3 |  3.8
Spellcasting   | 3 |  3.3
Translocations | 4 |  4.6

Action                   |  1- 3 |  4- 6 |  7- 9 || total
-------------------------+-------+-------+-------++-------
Melee: Unarmed           |   106 |   162 |   151 ||   419
       Constrict         |    22 |    38 |    30 ||    90
       Tentacles         |    12 |    25 |    27 ||    64
       Punch             |     1 |    10 |     7 ||    18
Throw: Stone             |     1 |       |       ||     1
       Dart              |       |     1 |    19 ||    20
 Cast: Shroud of Golubri |    10 |    33 |    26 ||    69
       Blink             |       |       |    10 ||    10
  Use: Potion            |     2 |       |       ||     2
       Scroll            |       |     6 |     3 ||     9
 Stab: Sleeping          |     2 |     5 |     1 ||     8
  Eat: Chunk             |     2 |    11 |     4 ||    17
       Ration            |       |       |     2 ||     2
Armor: Skin              |     8 |    37 |     9 ||    54
Dodge: Dodged            |    57 |   153 |    97 ||   307

Table legend:
 A = Non-vault XP
 B = Vault XP
 C = Vault XP percentage of total XP
 D = Non-vault monster count
 E = Vault monster count
 F = Vault count percentage of total count
                 A         B        C        D         E       F
            +---------+---------+-------+---------+---------+-------
      Total |    1099 |     858 |  43.8 |     102 |      21 |  17.1
            +---------+---------+-------+---------+---------+-------
        D:1 |      28 |       6 |  17.6 |      15 |       6 |  28.6
        D:2 |      81 |       2 |   2.4 |      35 |       1 |   2.8
        D:3 |      22 |       0 |   0.0 |      12 |       0 |   0.0
        D:4 |     887 |     850 |  48.9 |      34 |      14 |  29.2
        D:5 |      81 |       0 |   0.0 |       6 |       0 |   0.0
            +---------+---------+-------+---------+---------+-------
